 Dungeon Crawl Stone Soup version 0.31.0-32-g396128a36d (webtiles) character file.

Game seed: 4149212685001861212

44 diceflayer the Chopper (level 3, 0/29 HPs)
             Began as a Demonspawn Fighter on Apr 23, 2024.
             Was an Initiate of Okawaru.
             Killed from afar by Jessica (4 damage)
             ... with a puff of flame
             ... while paralysed by Grinder
             ... on level 3 of the Dungeon.
             The game lasted 00:02:12 (2206 turns).

diceflayer the Chopper (Demonspawn Fighter)         Turns: 2206, Time: 00:02:13

Health: 0/29       AC:  9    Str: 18    XL:     3   Next: 39%
Magic:  3/3        EV: -1    Int:  8    God:    Okawaru [......]
Gold:   162        SH:  0    Dex: 12    Spells: 2/2 levels left

rFire   . . .        a - +0 war axe
rCold   . . .        c - +0 buckler
rNeg    . . .        b - +0 scale mail
rPois   .            h - +0 helmet
rElec   .            (no cloak)
rCorr   .            f - +1 pair of gloves
SInv    .            (no boots)
Will    .....        j - amulet of the acrobat Stlth
                     (no ring)
HPRegen 0.24/turn    (no ring)
MPRegen 0.08/turn

%: acrobat
@: paralysed, constricted
A: demonic magic 1, weakness stinger 1
a: Renounce Religion


You were on level 3 of the Dungeon.
You worshipped Okawaru.
Okawaru was noncommittal.
You visited 1 branch of the dungeon, and saw 3 of its levels.

You collected 162 gold pieces.

Inventory:

Hand Weapons
 a - a +0 war axe (weapon)
Armour
 b - a +0 scale mail (worn)
 c - a +0 buckler (worn)
 f - a +1 pair of gloves (worn)
 h - a +0 helmet (worn)
Jewellery
 j - an amulet of the acrobat (around neck)
Scrolls
 e - 2 scrolls of fear
 g - a scroll of amnesia
 i - a scroll of blinking
 m - a scroll of teleportation
Potions
 d - a potion of might
 k - a potion of brilliance
 n - 2 potions of curing
 o - a potion of cancellation {unknown}


   Skills:
 - Level 3.0 Fighting
 + Level 3.5 Axes
 - Level 2.6 Armour
 - Level 2.6 Shields


You had 2 spell levels left.
You didn't know any spells.
Your spell library contained the following spells:

 Spells                   Type           Power      Damage    Failure   Level
 Passage of Golubria      Tloc           0%         N/A       100%        4
 Silence                  Hex/Air        0%         N/A       100%        5
 Lehudib's Crystal Spear  Conj/Erth      0%         10d2      100%        8


Dungeon Overview and Level Annotations

Branches:
Dungeon (3/15)

Altars:
Cheibriados
Okawaru
Ru
Uskayaw

Shops:
D:2 :

Annotations:
D:3 Grinder, Jessica


Innate Abilities, Weirdness & Mutations

Spells you cast may paralyse adjacent enemies.
You have a small tail.


Message History

The endoplasm quivers.
You slash Grinder!
Grinder is lightly wounded.
Grinder hits you.
You writhe in agony.
Grinder blinks!
There are monsters nearby!
You slash the endoplasm!
You kill the endoplasm!
Okawaru accepts your kill.
Grinder is nearby!
Jessica the Apprentice Sorceress comes into view.
She is wielding a +0 dagger and carrying a wand of flame.
Jessica shouts!
Jessica grins evilly.
Grinder gestures at you.
You barely resist.
A ball python comes into view.
You see here 11 gold pieces.
The ball python hisses angrily.
You slash Grinder!
Grinder is moderately wounded.
Grinder hits you but does no damage. You block Grinder's attack.
You hit Grinder.
Grinder is heavily wounded.
Grinder hits you.
You writhe in agony.
You hit Grinder.
Grinder is heavily wounded.
Grinder closely misses you.
You hit Grinder but do no damage. You tail-slap Grinder.
Grinder is severely wounded.
You barely miss Jessica. Jessica hits you but does no damage.
Grinder gestures at you.
You suddenly lose the ability to move!
Grinder gestures at you. Pain shoots through your body!
* * * LOW HITPOINT WARNING * * *
Jessica hits you with a +0 dagger.
* * * LOW HITPOINT WARNING * * *
The ball python bites you but does no damage.
The ball python grabs you. The ball python constricts you.
Jessica zaps a wand.
The puff of flame hits you.
You die...

#......#
##########......###
.........#.>......#
......?..#......#.#
.........####.###.#
.....#.#.# #.# #.#
......_..####.# #.#
.....#@#......# #.#
......5@.####..>..#
......S........####
.........####....
.........# ##.##.
########## .. # ..#
#..


You could see Grinder, Jessica and a ball python.

Vanquished Creatures
  2 ribbon worms (D:2)
  4 endoplasms
  2 giant cockroaches
  3 goblins
  3 hobgoblins
  2 jackals (D:1)
  4 quokkas
  4 ball pythons
  4 bats
  2 frilled lizards
  3 kobolds (D:1)
  2 rats
35 creatures vanquished.

Notes
Turn   | Place    | Note
-------+----------+-------------------------------------------
     0 | D:1      | diceflayer the Demonspawn Fighter began the quest for the
                  | Orb.
     0 | D:1      | Reached XP level 1. HP: 18/18 MP: 1/1
   298 | D:1      | Gained mutation: You have a small tail. [demonic ancestry]
   298 | D:1      | Reached XP level 2. HP: 16/24 MP: 2/2
   915 | D:2      | Found Coakliba's Book Emporium.
  1093 | D:2      | Gained mutation: Spells you cast may paralyse adjacent
                  | enemies. [demonic ancestry]
  1093 | D:2      | Reached XP level 3. HP: 29/29 MP: 3/3
  1835 | D:3      | Found a sacrificial altar of Ru.
  1925 | D:3      | Found an iron altar of Okawaru.
  1979 | D:3      | Became a worshipper of Warmaster Okawaru
  2137 | D:3      | Found a snail-covered altar of Cheibriados.
  2191 | D:3      | Found a hide-covered altar of Uskayaw.
  2197 | D:3      | Noticed Grinder
  2200 | D:3      | Noticed Jessica
  2205 | D:3      | Paralysed by Grinder for 5 turns
  2206 | D:3      | Killed from afar by Jessica

Illustrated notes

Levels and vault maps discovered:
D:1:      sevenhm_arrival_forest_fort_large_2, layout_loops_ring,
          minmay_nonomino_d4
D:2:      layout_basic, serial_shops, shop, amcnicky_mini_rare_corridor_liquid
D:3:      layout_basic, lemuel_coloured_pillars_altar, marbit_many_paths,
          okawaru_gym_becter, amcnicky_altar_gilded, lemuel_crystal_altar,
          grunt_dithmenos_smoke_and_mirrors, grunt_ministairs_1,
          minmay_tree_intersection, uniq_jessica, uniq_grinder

Skill      XL: |  1  2 |
---------------+-------+-----
Axes           | 2 3 |  3.5
Fighting       | |  3.0
Armour         | |  2.6
Shields        | |  2.6

Action                     || total
---------------------------++-------
  Melee: War axe           ||    88
         Tailslap          ||     5
    Use: Scroll            ||     9
 Armour: Scale mail        ||    68
  Dodge: Dodged            ||    38
  Block: Buckler           ||    20
